 Dungeon Crawl Stone Soup version 0.31-a0-833-gc15d34cb79 (webtiles) character file.

Game seed: 10860116844605517587

113 javelincjr the Ruffian (level 4, 0/34 HPs)
             Began as a Demonspawn Shapeshifter on Sept 25, 2023.
             Slain by Grinder (3 damage)
             ... on level 3 of the Dungeon.
             The game lasted 00:04:14 (2083 turns).

javelincjr the Ruffian (Demonspawn Shapeshifter)    Turns: 2083, Time: 00:04:14

Health: 0/34       AC:  2    Str: 15    XL:     4   Next: 65%
Magic:  0/4        EV: 12    Int: 11    God:
Gold:   109        SH:  0    Dex: 14    Spells: 3/3 levels left

rFire   . . .        h - +1 short sword (venom)
rCold   . . .        (no shield)
rNeg    . . .        a - +0 animal skin
rPois   .            (helmet currently unavailable)
rElec   .            (cloak currently unavailable)
rCorr   .            (gloves currently unavailable)
SInv    .            (boots currently unavailable)
Will    .....        (no amulet)
Stlth   +            (no ring)
HPRegen 0.25/turn    (no ring)
MPRegen 0.18/turn

%: guardian spirit
@: beast-form, attractive
A: beast (slay +1), magic shield, magic regeneration
a: Begin Untransformation


You were on level 3 of the Dungeon.
You were a hulking beast.
You visited 1 branch of the dungeon, and saw 3 of its levels.

You collected 109 gold pieces.

Inventory:

Hand Weapons
 h - a +1 short sword of venom (weapon)
Armour
 a - a +0 animal skin (worn)
 p - a +0 buckler
Jewellery
 r - the amulet of Scepticism {Reflect Harm Will+++ Dex-4 SH+5 SInv}
   (You found it on level 3 of the Dungeon)

   [amulet of reflection]

   Reflect:   It reflects blocked missile attacks.
   Dex-4:     It affects your dexterity (-4).
   Will+++:   It greatly increases your willpower.
   SInv:      It lets you see invisible.
   SH+5:      It affects your SH (+5).
   Harm:      It increases damage dealt and taken.
Talismans
 c - a beast talisman (active)
 d - a flux talisman
Scrolls
 e - a scroll of torment {unknown}
 f - 2 scrolls of teleportation {unknown}
 j - 2 scrolls of fear {unknown}
 n - a scroll of summoning {unknown}
 o - a scroll of poison {unknown}
 q - a scroll of identify {unknown}
Potions
 b - 3 potions of lignification
 g - a potion of enlightenment
 l - a potion of heal wounds {unknown}
 m - a potion of might {unknown}


   Skills:
 + Level 2.6 Fighting
 - Level 2.1 Dodging
 + Level 3.5 Unarmed Combat
 + Level 3.3 Shapeshifting


You had 3 spell levels left.
You didn't know any spells.
Your spell library contained the following spells:

 Spells                   Type           Power      Damage    Failure   Level
 Summon Guardian Golem    Hex/Summ       0%         N/A       71%         3
 Tukima's Dance           Hex            0%         N/A       71%         3
 Dimensional Bullseye     Hex/Tloc       0%         N/A       98%         4
 Iskenderun's Mystic Bla  Conj/Tloc      0%         2d3       98%         4
 Orb of Destruction       Conj           0%         9d5       100%        7
 Spellforged Servitor     Conj/Summ      0%         N/A       100%        7


Dungeon Overview and Level Annotations

Branches:
Dungeon (3/15)

Altars:

Annotations:
D:3 Grinder


Innate Abilities, Weirdness & Mutations

You are a hulking beast.
Your limbs bulge with bestial killing power. (Slay +1)
When hurt, damage is shared between your health and your magic reserves.
You regenerate magic rapidly.


Message History

Grinder hits you.
You hit Grinder.
Grinder is moderately wounded.
Grinder hits you but does no damage.
You barely miss Grinder. Your punch misses Grinder.
Grinder is moderately wounded.
Grinder says, "Mostly I couldn't keep them alive."
Grinder barely misses you.
You closely miss Grinder. You punch Grinder.
Grinder is moderately wounded.
Grinder closely misses you.
You barely miss Grinder.
Grinder is heavily wounded.
Grinder hits you.
* * * LOW HITPOINT WARNING * * *
You writhe in agony.
* * * LOW HITPOINT WARNING * * *
You hit Grinder but do no damage.
Grinder is heavily wounded.
Grinder barely misses you.
You closely miss Grinder.
Grinder is heavily wounded.
Grinder hits you.
* * * LOW HITPOINT WARNING * * *
You writhe in agony.
* * * LOW HITPOINT WARNING * * *
It was a potion of enlightenment.
You feel very buoyant.
You fly up into the air.
Grinder barely misses you.
It was a potion of attraction.
You feel attractive to monsters.
Grinder blinks!
There is a stone staircase leading up here.
It was a potion of cancellation.
Your magical effects are unravelling.
You feel magically purged.
You float gracefully downwards.
Your enlightenment fades.
Grinder hits you.
You die...
Grinder says, "Now the real fun starts!"

.##....###
.###.#...########
###..#.#.......... .
#.##.#########. ..
###.##.# ##. ..#
#...##.# #..###...
..####.#### #.#.[...#
..## #..^.#####.#.#...#
...######.##....h.....#
.#..#####....##5..$####
.##.#...........#.##
).....##.##..##.#.#
.###.###......#...# .#
.# #..........# .#
.##...#..#....# ##
.##...........#
.#..#......#..#


You could see Grinder (poisoned).

Vanquished Creatures
  An orc priest (D:2)
  2 adders
  2 worms (D:2)
  2 dart slugs
  An orc (D:2)
  4 ball pythons
  2 endoplasms (D:2)
  A giant cockroach (D:3)
  5 goblins
  4 hobgoblins
  4 jackals (D:3)
  6 bats
  6 frilled lizards
  6 kobolds
  8 rats
54 creatures vanquished.

Notes
Turn   | Place    | Note
-------+----------+-------------------------------------------
     0 | D:1      | javelincjr the Demonspawn Shapeshifter began the quest for
                  | the Orb.
     0 | D:1      | Reached XP level 1. HP: 15/15 MP: 1/1
   193 | D:1      | Gained mutation: You regenerate magic rapidly. [demonic
                  | ancestry]
   193 | D:1      | Reached XP level 2. HP: 21/21 MP: 2/2
   808 | D:2      | Reached XP level 3. HP: 26/27 MP: 3/3
  1673 | D:3      | Noticed Grinder
  1681 | D:2      | Gained mutation: When hurt, damage is shared between your
                  | health and your magic reserves. [demonic ancestry]
  1681 | D:2      | Reached XP level 4. HP: 5/34 MP: 4/4
  2010 | D:3      | Identified the amulet of Scepticism {Reflect Harm Will+++
                  | Dex-4 SH+5 SInv}
  2083 | D:3      | Slain by Grinder

Illustrated notes

Levels and vault maps discovered:
D:1:      minmay_arrival_solitary_statue, layout_loops_cross,
          hangedman_decor_clover_reticule, minmay_misc_feat_nine_boxes,
          nicolae_concentric_dashed_squares_wild, minivault_11
D:2:      layout_basic, basic_altar
D:3:      layout_rooms, grunt_temple_overflow_magic_moments,
          gammafunk_ghost_necromancy, kennysheep_donut, minmay_misc_feat_plants,
          uniq_grinder

Skill      XL: |  1  2  3 |
---------------+----------+-----
Dodging        | 2 |  2.1
Unarmed Combat | 3 |  3.5
Shapeshifting  | 3 |  3.3
Fighting       | 2 |  2.6

Action                     |  1- 3 |  4- 6 || total
---------------------------+-------+-------++-------
  Melee: Unarmed           |    71 |       ||    71
         Short sword       |    44 |    43 ||    87
         Punch             |       |     1 ||     1
    Use: Potion            |       |     3 ||     3
   Stab: Sleeping          |     3 |       ||     3
 Armour: Animal skin       |    59 |    22 ||    81
  Dodge: Dodged            |    64 |    30 ||    94

Table legend: (Time is in decaauts)
 A = Elapsed time spent in this place.
 B = Non-inter-level travel time spent in this place.
 C = Inter-level travel time spent in this place.
 D = Time resting spent in this place.
 E = Time spent auto-exploring this place.
 F = Levels seen in this place.
 G = Mean time per level.
                   A        B        C        D        E       F      G
               +--------+--------+--------+--------+--------+-----+--------+
         Total |   2078 |   2014 |     64 |      0 |   1669 |   3 |  692.7 |
       Dungeon |   2078 |   2014 |     64 |      0 |   1669 |   3 |  692.7 |
               +--------+--------+--------+--------+--------+-----+--------+

Top non-repeatable levels by time:
     D:2: 1101 daAuts
     D:1: 712 daAuts
     D:3: 264 daAuts
